 Dungeon Crawl Stone Soup version 0.18.1-50-g88ac8fd (webtiles) character file.

25 varam the Sneak (level 2, -1/13 HPs)
             Began as a Spriggan Enchanter on Oct 21, 2016.
             Was an Initiate of Pakellas.
             Slain by a giant gecko (2 damage)
             ... on level 3 of the Dungeon.
             The game lasted 00:04:44 (1544 turns).

varam the Sneak (Spriggan Enchanter)                Turns: 1544, Time: 00:04:45

Health: -1/13      AC:  3    Str:  4    XL:     2   Next: 82%
Magic:  2/6        EV: 18    Int: 16    God:    Pakellas [......]
Gold:   20         SH:  0    Dex: 16    Spells: 2 memorised, 3 levels left

rFire  . . .     SeeInvis +     g - +0 short sword
rCold  . . .     Gourm    .     b - +1 robe
rNeg   . . .     Faith    .     (shield restricted)
rPois  .         Spirit   .     (helmet restricted)
rElec  .         Dismiss  .     (no cloak)
rCorr  .         Reflect  .     (gloves unavailable)
SustAt .         Harm     .     (boots unavailable)
MR     .....                    (no amulet)
Stlth  ++++......               (no ring)
                                (no ring)

@: very slightly contaminated, very quick, not resistant to hostile
enchantments, stealthy
A: unfitting armour, see invisible, herbivore 3, speed 3, slow metabolism 2
a: Renounce Religion


You were on level 3 of the Dungeon.
You worshipped Pakellas.
Pakellas was noncommittal.
You were not hungry.

You visited 1 branch of the dungeon, and saw 3 of its levels.

You collected 20 gold pieces.

Inventory:

Hand Weapons
 a - a +1 dagger
 f - a +0 vampiric whip
 g - a +0 short sword (weapon)
Armour
 b - a +1 robe (worn)
Wands
 e - a wand of teleportation (5/9)
Scrolls
 j - a scroll of enchant weapon {unknown}
 k - 2 scrolls of remove curse {unknown}
 l - a scroll of teleportation {unknown}
Potions
 h - a potion of magic {unknown}
 i - a potion of degeneration {unknown}
 m - a potion of brilliance {unknown}
Books
 c - a book of Maledictions

   Spells                             Type                      Level
   a - Corona                         Hexes                        1
   b - Ensorcelled Hibernation        Hexes/Ice                    2
   c - Confuse                        Hexes                        3
   d - Tukima's Dance                 Hexes                        3
   e - Dazzling Spray                 Conjuration/Hexes            3
Comestibles
 d - 2 bread rations


   Skills:
 - Level 1.1 Short Blades
 - Level 3.0 Dodging
 + Level 6.2 Stealth
 - Level 2.6 Spellcasting
 - Level 3.6 Hexes


You had 3 spell levels left.
You knew the following spells:

 Your Spells              Type           Power        Failure   Level  Hunger
a - Ensorcelled Hibernat  Hex/Ice        #.....       17%         2    ##.....
b - Corona                Hex            ##.....      6%          1    #......


Dungeon Overview and Level Annotations

Branches:
Dungeon (3/15)

Altars:
Pakellas


Innate Abilities, Weirdness & Mutations

You are tiny and cannot use many weapons and most armour.
You have supernaturally acute eyesight.
You are a herbivore.
You cover ground extremely quickly.
You need consume almost no food.


Message History

Aiming: Ensorcelled Hibernation
Press: ? - help, Shift-Dir - straight line, f/p - bat
Aim: a bat (chance to defeat MR: 78%)
The bat looks drowsy...
The giant gecko misses you.
You are too injured to fight recklessly!
The helpless bat fails to defend itself.
You puncture the bat!
You kill the bat!
The giant gecko barely misses you.
There is an oddly glowing altar of Pakellas here.
You kneel at the altar of Pakellas.
Pakellas welcomes you!
You stop regenerating magic.
You can now gain magical power from killing.
e - a wand of teleportation (5/9)
The kobold hits you with a whip.
* * * LOW HITPOINT WARNING * * *
The giant gecko bites you.
You die...
Pakellas says: Time to find a new assistant...

.# .# ##### #.#
####...## .#
##....#..##.##
##....#.#..#..#
##....#...#..#.#
#....#.l_K.#...#
#?..#.@.....#..#
#..###########.#
#.......§......# #.
#...§§§..#.###
##..≈§≈§≈..l..##
......§§§§......##
#......≈...K.....#
..#................#
#..................#


You could see a giant gecko and a kobold.

Vanquished Creatures
  An adder (D:2)
  A giant cockroach (D:2)
  2 goblins (D:2)
  A hobgoblin (D:2)
  2 quokkas
  4 bats
  3 kobolds
  2 rats (D:2)
16 creatures vanquished.

Notes
Turn   | Place    | Note
--------------------------------------------------------------
     0 | D:1      | varam the Spriggan Enchanter began the quest for the Orb.
     0 | D:1      | Reached XP level 1. HP: 9/9 MP: 5/5
   492 | D:2      | Reached skill level 5 in Stealth
   600 | D:2      | Reached XP level 2. HP: 13/13 MP: 6/6
   716 | D:2      | Learned a level 2 spell: Ensorcelled Hibernation
   879 | D:2      | Reached skill level 6 in Stealth
  1531 | D:3      | Found an oddly glowing altar of Pakellas.
  1542 | D:3      | Became a worshipper of Pakellas the Inventive
  1544 | D:3      | Slain by a giant gecko

Skill      XL: |  1  2 |
---------------+-------+-----
Stealth        | 5 6 |  6.2
Short Blades   | |  1.1
Dodging        | |  3.0
Spellcasting   | |  2.6
Hexes          | |  3.6

Action                   || total
-------------------------++-------
Melee: Dagger            ||    32
       Short sword       ||    23
 Cast: Corona            ||    10
       Ensorcelled Hiber ||     7
 Stab: Sleeping          ||     7
Armor: Robe              ||    17
Dodge: Dodged            ||   118
